 Dungeon Crawl Stone Soup version 0.21-a0-538-gd16b88a (webtiles) character file.

2051 Amnesiac the Slinger (level 9, -3/58 HPs)
             Began as a Halfling Fighter on Dec 15, 2017.
             Slain by a two-headed ogre
             ... wielding a +0 dire flail
              (24 damage)
             ... on level 6 of the Dungeon.
             The game lasted 00:17:14 (8936 turns).

Amnesiac the Slinger (Halfling Fighter)             Turns: 8936, Time: 00:17:14

Health: -3/58      AC: 17    Str: 20    XL:     9   Next: 49%
Magic:  9/9        EV:  8    Int:  6    God:
Gold:   210        SH: 10    Dex: 14    Spells: 0/8 levels left

rFire    . . .     SeeInvis .   a - +0 rapier
rCold    . . .     Gourm    .   c - +0 shield
rNeg     . . .     Faith    .   y - +0 plate armour
rPois    .         Spirit   .   s - +0 helmet
rElec    .         Reflect  .   (no cloak)
rCorr    .         Harm     .   g - +0 pair of gloves
MR       .....                  (no boots)
Stlth    ..........             C - amulet of rage (curse)
HPRegen  0.19/turn              v - +3 ring of protection
MPRegen  0.11/turn              (no ring)

@: berserk cooldown, slowed, very slow
A: small, mutation resistance 1
a: Evoke Berserk Rage


You were on level 6 of the Dungeon.
You were hungry.

You visited 1 branch of the dungeon, and saw 7 of its levels.

You collected 210 gold pieces.

Inventory:

Hand Weapons
 a - a +0 rapier (weapon)
 b - a +0 hunting sling
 D - a +1 hand axe of flaming
Missiles
 i - 61 poisoned needles
 j - 158 stones (quivered)
 t - 3 needles of confusion
Armour
 c - a +0 shield (worn)
 g - a +0 pair of gloves (worn)
 s - a +0 helmet (worn)
 y - a +0 plate armour (worn)
Jewellery
 v - a +3 ring of protection (left hand)
 C - a cursed amulet of rage (around neck)
Scrolls
 e - 4 scrolls of remove curse {!r}
 h - 4 scrolls of identify {!r}
 k - 2 scrolls of teleportation {!r, unknown}
 o - a scroll of immolation {!r, unknown}
 q - 2 scrolls of enchant armour {!r, unknown}
 r - 3 scrolls of fear {!r}
 w - a scroll of random uselessness {!r, unknown}
 B - 2 scrolls of acquirement {!r, unknown}
 F - a scroll of enchant weapon {!r, unknown}
 G - a scroll of noise {!r, unknown}
 H - a scroll of amnesia {!r, unknown}
Potions
 d - 2 potions of might {!q}
 l - 4 potions of curing {!q, unknown}
 u - a potion of heal wounds {!q}
 x - a potion of mutation {!q}
 z - 3 potions of agility {!q}
 A - a potion of berserk rage {!q, unknown}
 E - a potion of lignification {!q, unknown}
Comestibles
 f - 7 bread rations
 m - 2 fruits
 n - a royal jelly
 p - 3 meat rations
 I - a chunk of flesh


   Skills:
 + Level 4.2 Fighting
 - Level 7.3 Short Blades
 * Level 9.2 Slings
 + Level 5.1 Armour
 + Level 5.1 Dodging
 + Level 5.1 Shields


You couldn't memorise any spells.
You knew the following spells:

 Your Spells              Type           Power        Failure   Level  Hunger
e - Mephitic Cloud        Conj/Pois/Air  #.......     100%        3    ####...
s - Conjure Flame         Conj/Fire      #.......     100%        3    ####...
v - Blink                 Tloc           N/A          100%        2    ###....


Dungeon Overview and Level Annotations

Branches:
Dungeon (7/15)
 Temple: D:4-7

Altars:
Gozag

Shops:
D:4 *(   D:6 %


Innate Abilities, Weirdness & Mutations

You are small and have problems with some larger weapons.
You are somewhat resistant to further mutation.


Message History

A giant cockroach comes into view.
Found a scroll labeled XIETWOANAU and 19 poisoned needles.
Found a stone staircase leading down.
There is a stone staircase leading up here.
Firing (i - inventory):
j - 158 stones (quivered)
Press: ? - help, Shift-Dir - straight line, f - giant cockroach
Aim: a giant cockroach You shoot a stone.
The stone hits the giant cockroach!
You kill the giant cockroach!
No target in view!
No target in view!
No target in view!
H - a scroll labeled XIETWOANAU {!r}
j - 158 stones (gained 1)
You see here a giant cockroach corpse.
You butcher the giant cockroach corpse.
I - 2 chunks of flesh
i - 61 poisoned needles (gained 19) Eating one of 2 chunks of flesh.
You eat one of the 2 chunks of flesh.
This raw flesh tastes terrible.
There is a stone staircase leading up here.
A two-headed ogre comes into view.
It is wielding a dire flail and a giant spiked club.
Found a runed falchion.
You aren't carrying any items that you can evoke.
Unknown command.
Put on which piece of jewellery? (? for menu, Esc to quit)
Oops, that amulet feels deathly cold.
C - a cursed amulet of rage (around neck) Wield which item (- for none, * to show all)? (? for menu, Esc to quit)
a - a +0 rapier (weapon)
You fail to use your ability.
There is a stone staircase leading up here.
You hear the faint creaking of a portcullis nearby.
There is a stone staircase leading up here.
The two-headed ogre hits you with a dire flail.
You block the two-headed ogre's attack.
You climb upwards.
There is a stone staircase leading down here.
You fail to use your ability.
The two-headed ogre hits you with a dire flail.
The two-headed ogre hits you but does no damage.
A red film seems to cover your vision as you go berserk!
You feel yourself moving faster!
You feel mighty!
You are feeling hungry.
You feel a strong urge to attack something.
You feel your anger nearly subside.
There is a stone staircase leading down here.
You are no longer berserk.
You are exhausted.
You feel yourself slow down.
You block the two-headed ogre's attack. x2
You block the two-headed ogre's attack.
The two-headed ogre hits you with a giant spiked club!
The two-headed ogre hits you with a dire flail.
The two-headed ogre hits you with a giant spiked club.
The two-headed ogre hits you with a dire flail!!
* * * LOW HITPOINT WARNING * * *
The two-headed ogre hits you but does no damage.
Really quaff
u - 2 potions of heal wounds {!q}?
You feel much better.
The two-headed ogre hits you with a dire flail!
* * * LOW HITPOINT WARNING * * *
The two-headed ogre hits you with a giant spiked club!!
You die...

#.# #...........#.#.# #.#
#.###########.#.# #.# #.#
#.#.# #.# #.# #.#.# ..#
#.###########.#.# ..#
#..[..........#.# ..#
#..############.# ..#
#..#............#
#.#######..#....@O#..#..#
.......................>#
#....................#.##
#########...#####.#..#.#
.......)')..'....<...#.#
#########...##########.#
#....'........#.#
#....########.#.#
########....# #.#.#


You could see a two-headed ogre.

Vanquished Creatures
  A hungry ghost (D:6)
  Menkaure (D:6)
  An ice beast (D:5)
  An ogre (D:4)
  2 phantoms
  3 centaurs
  3 bullfrogs (D:6)
  2 howler monkeys
  A quasit (D:6)
  3 orc priests
  A centaur skeleton (D:4)
  A hound (D:6)
  A gnoll shaman (D:5)
  2 iguanas (D:4)
  An orc wizard (D:2)
  Natasha (thrice) (D:3)
  2 bullfrog skeletons (D:5)
  3 worker ants
  2 hound skeletons (D:4)
  Robin (D:3)
  A worker ant zombie (D:6)
  3 gnolls (D:5)
  23 adders
  A shadow imp (D:6)
  An ooze (D:4)
  An adder skeleton (D:4)
  2 worms
  2 dart slugs
  A leopard gecko (D:5)
  27 orcs
  7 bats
  4 giant cockroaches
  17 goblins
  8 hobgoblins
  10 jackals
  6 quokkas
  8 ball pythons
  2 frilled lizards
  7 kobolds
  A leopard gecko zombie (D:6)
  6 rats
173 creatures vanquished.

Notes
Turn   | Place    | Note
-------+----------+-------------------------------------------
     0 | D:1      | Amnesiac the Halfling Fighter began the quest for the Orb.
     0 | D:1      | Reached XP level 1. HP: 15/15 MP: 1/1
   672 | D:1      | Reached XP level 2. HP: 2/20 MP: 2/2
   956 | D:1      | Reached skill level 1 in Dodging
  1195 | D:2      | Reached XP level 3. HP: 22/25 MP: 3/3
  1251 | D:2      | Reached XP level 4. HP: 29/30 MP: 4/4
  1501 | D:2      | Reached skill level 1 in Slings
  1501 | D:2      | Reached XP level 5. HP: 31/35 MP: 5/5
  1694 | D:2      | Reached skill level 2 in Slings
  2069 | D:2      | Reached skill level 5 in Short Blades
  2119 | D:2      | Reached skill level 3 in Slings
  2161 | D:3      | Noticed Robin
  2267 | D:2      | Reached XP level 6. HP: 39/41 MP: 6/6
  2440 | D:3      | Killed Robin
  2504 | D:3      | Noticed Natasha
  2517 | D:3      | Killed Natasha
  2517 | D:3      | Reached skill level 4 in Slings
  2850 | D:3      | Noticed Natasha
  2855 | D:3      | Killed Natasha
  2995 | D:3      | Noticed Natasha
  3003 | D:3      | Killed Natasha
  3003 | D:3      | Reached skill level 5 in Slings
  3236 | D:4      | Found Fifudd's Weapon Boutique.
  3261 | D:4      | Reached XP level 7. HP: 45/45 MP: 7/7
  3282 | D:4      | Found Jobuis's Elemental Accessories.
  4418 | D:4      | Reached skill level 6 in Slings
  5057 | D:5      | Entered Level 5 of the Dungeon
  5062 | D:5      | Noticed Menkaure
  5229 | D:5      | Reached XP level 8. HP: 47/52 MP: 8/8
  5366 | D:5      | Reached skill level 7 in Slings
  6081 | D:5      | Found an opulent altar of Gozag.
  6619 | D:6      | Reached skill level 8 in Slings
  6848 | D:6      | Reached XP level 9. HP: 51/58 MP: 9/9
  6971 | D:6      | Killed Menkaure
  7041 | D:6      | Reached skill level 5 in Armour
  7103 | D:6      | Reached skill level 5 in Shields
  7107 | D:6      | Noticed a komodo dragon
  7225 | D:5      | Reached skill level 9 in Slings
  7464 | D:6      | Found Cocianud's Food Shoppe.
  7594 | D:6      | Reached skill level 5 in Dodging
  7611 | D:6      | Learned a level 2 spell: Blink
  7618 | D:6      | Learned a level 3 spell: Mephitic Cloud
  7622 | D:6      | Learned a level 3 spell: Conjure Flame
  8167 | D:6      | Found Cocianud's Food Shoppe.
  8883 | D:7      | Noticed a two-headed ogre
  8936 | D:6      | Slain by a two-headed ogre

Vault maps used:
D:1:      minmay_arrival_pointy, serial_co_window_serial, co_window_paths_b,
          co_window_paths_b, co_window_paths_a, co_window_paths_a,
          co_window_paths_a, co_window_cross_2, co_window_corner_cb,
          co_window_of_opportunity_c, co_window_of_opportunity_b,
          co_window_paths_c, co_window_paths_c, co_window_paths_c,
          glass_columns_a, glass_columns_c
D:2:      first_bread, minmay_snake_closets
D:3:      feat_on_display, uniq_robin, uniq_natasha
D:4:      serial_shops, shop, nicolae_elemental_shop
D:5:      kennysheep_mini_moat, uniq_menkaure
D:6:      serial_shops, nicolae_shop_temple_entry_statues_fountains,
          minmay_misc_feat_rugged
D:7:      black_bear_nest_1, minmay_temple_entry_glassed_door, enter_bailey_3

Skill      XL: |  1  2  3  4  5  6  7  8  9 |
---------------+----------------------------+-----
Short Blades   | 3 4 5 6 7 |  7.3
Dodging        | 1 2 3 4 5 |  5.1
Slings         | 1 3 5 6 8 9 |  9.2
Fighting       | 3 4 |  4.2
Armour         | 4 5 |  5.1
Shields        | 4 5 |  5.1

Action                   |  1- 3 |  4- 6 |  7- 9 || total
-------------------------+-------+-------+-------++-------
Melee: Rapier            |    64 |   309 |   407 ||   780
 Fire: Hunting sling     |       |       |   270 ||   270
Throw: Stone             |       |       |     6 ||     6
 Abil: Evoke Berserk Rag |       |       |     1 ||     1
  Use: Scroll            |       |       |     5 ||     5
       Potion            |       |       |     1 ||     1
  Eat: Chunk             |     1 |     7 |    20 ||    28
       Fruit             |       |       |     2 ||     2
Armor: Scale mail        |     5 |       |       ||     5
       Chain mail        |    13 |   130 |    58 ||   201
       Plate armour      |       |       |   136 ||   136
Dodge: Dodged            |    13 |   101 |   126 ||   240
Block: Shield            |    27 |   154 |   260 ||   441

Table legend:
 A = Spawn XP
 B = Non-spawn XP
 C = Spawn XP percentage of total XP
 D = Spawn monster count
 E = Non-spawn monster count
 F = Spawn count percentage of total count
 G = Total turns spent on level
                    A         B        C        D         E        F      G
               +---------+---------+-------+---------+---------+-------+---------
         Total |       0 |    2930 |   0.0 |       0 |     173 |   0.0 |  8936
               +---------+---------+-------+---------+---------+-------+---------
           D:1 |       0 |      19 |   0.0 |       0 |      10 |   0.0 |  1144
           D:2 |       0 |     269 |   0.0 |       0 |      57 |   0.0 |  1262
           D:3 |       0 |     223 |   0.0 |       0 |      25 |   0.0 |  1216
           D:4 |       0 |     578 |   0.0 |       0 |      26 |   0.0 |  1675
           D:5 |       0 |     552 |   0.0 |       0 |      20 |   0.0 |  1354
           D:6 |       0 |    1287 |   0.0 |       0 |      34 |   0.0 |  2223
           D:7 |       0 |       2 |   0.0 |       0 |       1 |   0.0 |    62
               +---------+---------+-------+---------+---------+-------+---------
